 Dungeon Crawl Stone Soup version 0.29.0-15-g675c0067aa (webtiles) character file.

Game seed: 10084213863397587773

72 qw the Chopper (level 4, -5/58 HPs)
             Began as a Minotaur Berserker on Sept 12, 2022.
             Was a Believer of Trog.
             Killed by divine providence
             ... invoked by an orc priest
              (16 damage)
             ... on level 2 of the Dungeon.
             The game lasted 00:00:36 (1865 turns).

qw the Chopper (Minotaur Berserker)                 Turns: 1865, Time: 00:00:37

Health: -5/58      AC: 15    Str: 23    XL:     4   Next: 6%
Magic:  3/3        EV:  7    Int:  4    God:    Trog [**....]
Gold:   87         SH:  0    Dex: 10    Spells: 3/3 levels left

rFire   . . .      SeeInvis +   Y - +1 hand axe
rCold   . . .      Faith    .   (no shield)
rNeg    . . .      Spirit   .   d - +0 plate armour
rPois   .          Reflect  .   (helmet restricted)
rElec   .          Harm     .   (no cloak)
rCorr   .          Rampage  .   (no gloves)
Will    .....                   (no boots)
Stlth   ..........              (no amulet)
HPRegen 0.19/turn               c - +4 ring of protection
MPRegen 0.08/turn               g - ring of see invisible

@: berserking, very quick
A: horns 2, retaliatory headbutt
a: Renounce Religion, Berserk, Trog's Hand


You were on level 2 of the Dungeon.
You worshipped Trog.
Trog was pleased with you.
You visited 1 branch of the dungeon, and saw 2 of its levels.

You collected 87 gold pieces.


Innate Abilities, Weirdness & Mutations

You have a pair of horns on your head.
You reflexively headbutt those who attack you in melee.


   Skills:
 - Level 3.6 Fighting
 + Level 6.0 Axes
 - Level 2.4 Armour
 - Level 2.1 Dodging


You had 3 spell levels left.
You didn't know any spells.
Your spell library was empty.

Inventory:

Hand Weapons
 e - a +2 whip of electrocution
 Y - a +1 hand axe (weapon)
Missiles
 i - 2 boomerangs (quivered)
Armour
 d - a +0 plate armour (worn)
Jewellery
 c - a +4 ring of protection (left hand)
 g - a ring of see invisible (right hand)
 h - a ring of protection from fire
Scrolls
 a - 2 scrolls of identify
 b - a scroll of fog {unknown}
Potions
 j - a potion of berserk rage {unknown}

Dungeon Overview and Level Annotations

Branches:
Dungeon (2/15)

Altars:

Shops:
D:1 :


Message History

Robin is heavily wounded.
You closely miss the hobgoblin. Robin closely misses you.
The hobgoblin barely misses you.
An orc wizard comes into view. It is wielding a +0 dagger.
You barely miss Robin. You headbutt Robin.
Robin is severely wounded.
You hit the hobgoblin. You slash the hobgoblin!
You kill the hobgoblin!
Trog accepts your kill.
You closely miss Robin. Robin hits you but does no damage.
Your Axes skill increases to level 6!
You barely miss Robin.
Robin is severely wounded.
You completely miss the goblin. The goblin closely misses you.
Robin throws the goblin at you!
You barely miss Robin.
Robin is severely wounded.
You hit the goblin.
You kill the goblin!
Trog accepts your kill.
You slash the hobgoblin!
You kill the hobgoblin!
Trog accepts your kill.
You barely miss Robin. You headbutt Robin.
Robin is almost dead.
Robin zaps a wand.
The bolt of dispelling energy hits you!
You slash Robin!
You feel the power of Trog in you as your rage grows.
You kill Robin!
Trog accepts your kill.
You slash the orc priest! The orc priest completely misses you.
You furiously retaliate!
You headbutt the orc priest!
You kill the orc priest!
Trog accepts your kill.
The orc priest mumbles some strange prayers to Beogh against you.
Beogh smites you!
You die...

~..~..~.###.# #...#
#.#<...# ...~)...#...#
#...# #.#.##.#
........##### #...#
#.#.##.# #########
##.#### #......##
#.......# #....#
###.#.... ....#####
#....# #.#.##. #.#.# ###
##...######...... #.#.#
.....#####...<.....#.###
..#.# #.)@)......###.#..
###.# ##)###.###.# #.###
....# ... #.# #.# #.#
##### ....o #.# #.#
...o... ..# #.# #......
### #.# #.#.... #.#
.#.###. #.# ..#


You could see an orc priest and an orc wizard.

Vanquished Creatures
  An orc priest (D:2)
  Robin (D:2)
  2 dart slugs (D:1)
  An orc (D:2)
  2 bats
  4 endoplasms
  2 giant cockroaches
  16 goblins
  4 hobgoblins
  7 jackals
  6 kobolds
  2 quokkas (D:1)
  4 ball pythons (D:1)
  2 frilled lizards (D:2)
  6 rats
60 creatures vanquished.

Notes
Turn   | Place    | Note
-------+----------+-------------------------------------------
     0 | D:1      | qw the Minotaur Berserker began the quest for the Orb.
     0 | D:1      | Reached XP level 1. HP: 19/19 MP: 0/0
     0 | D:1      | 0 ||| qw: Version: 0.1-a-119-g272c26d
     0 | D:1      | 0 ||| qw: Game counter: 11003
     0 | D:1      | 0 ||| qw: Always use a shield: true
     0 | D:1      | 0 ||| qw: Do Orc after D:15 true
     0 | D:1      | 0 ||| qw: Do second Lair branch before Depths: true
     0 | D:1      | 0 ||| qw: Lair rune preference: random
     0 | D:1      | 0 ||| qw: Plans: Normal
     0 | D:1      | 0 ||| PLANNING D:1-11
   175 | D:1      | Reached skill level 4 in Axes
   344 | D:1      | Found Namo's Book Shoppe.
   367 | D:1      | 367 ||| Stepping ~*~*~tactically~*~*~ (stealth).
   370 | D:1      | Reached XP level 2. HP: 26/26 MP: 1/1
   542 | D:1      | 542 ||| Stepping ~*~*~tactically~*~*~ (hiding).
   543 | D:1      | 543 ||| Stepping ~*~*~tactically~*~*~ (hiding).
   638 | D:1      | 638 ||| Stepping ~*~*~tactically~*~*~ (stealth).
   768 | D:1      | Reached skill level 5 in Axes
   770 | D:1      | 770 ||| Stepping ~*~*~tactically~*~*~ (hiding).
   771 | D:1      | 771 ||| Stepping ~*~*~tactically~*~*~ (hiding).
   790 | D:1      | 790 ||| Stepping ~*~*~tactically~*~*~ (stealth).
   793 | D:1      | Reached XP level 3. HP: 31/31 MP: 2/2
   846 | D:1      | Reached ** piety under Trog
   924 | D:1      | 924 ||| Stepping ~*~*~tactically~*~*~ (stealth).
   926 | D:1      | 926 ||| Stepping ~*~*~tactically~*~*~ (stealth).
  1266 | D:1      | 1266 ||| UPGRADING to +0 plate armour.
  1276 | D:1      | 1276 ||| DROPPING +0 animal skin.
  1277 | D:1      | 1277 ||| UPGRADING to +4 ring of protection.
  1278 | D:1      | 1278 ||| UPGRADING to ring of protection from fire.
  1279 | D:1      | 1279 ||| UPGRADING to ring of see invisible.
  1281 | D:1      | 1281 ||| READING 2 scrolls labelled ILOXYM JEUPT.
  1282 | D:1      | 1282 ||| READING scroll labelled SAREDE ONEM.
  1319 | D:2      | 1319 ||| Stepping ~*~*~tactically~*~*~ (stealth).
  1320 | D:2      | 1320 ||| Stepping ~*~*~tactically~*~*~ (stealth).
  1755 | D:2      | Found a faded altar of an unknown god.
  1802 | D:2      | 1802 ||| Stepping ~*~*~tactically~*~*~ (stealth).
  1806 | D:2      | 1806 ||| Stepping ~*~*~tactically~*~*~ (stealth).
  1815 | D:2      | 1815 ||| Stepping ~*~*~tactically~*~*~ (hiding).
  1821 | D:2      | 1821 ||| Stepping ~*~*~tactically~*~*~ (stealth).
  1836 | D:2      | 1836 ||| Stepping ~*~*~tactically~*~*~ (stealth).
  1837 | D:2      | 1837 ||| Stepping ~*~*~tactically~*~*~ (stealth).
  1841 | D:2      | Reached XP level 4. HP: 36/39 MP: 3/3
  1853 | D:2      | Noticed Robin
  1855 | D:2      | 1855 ||| INVOKING Berserk.
  1862 | D:2      | Reached skill level 6 in Axes
  1864 | D:2      | HP: 11/58 [Robin/bolt of dispelling energy (9)]
  1865 | D:2      | Killed Robin
  1865 | D:2      | Killed from afar by an orc priest

Levels and vault maps discovered:
D:1:      dpeg_arrival_radiant, layout_loops_ring, serial_shops,
          nicolae_shop_waterfront
D:2:      layout_loops_cross, shapermc_ecumenical_altar_notcrosses,
          wad_floor_pattern_untrapped, uniq_robin

Skill      XL: |  1  2  3  4 |
---------------+-------------+-----
Axes           | 4 5 6 |  6.0
Fighting       | |  3.6
Armour         | |  2.4
Dodging        | |  2.1

Action                   |  1- 3 |  4- 6 || total
-------------------------+-------+-------++-------
Melee: Hand axe          |    86 |     9 ||    95
       Headbutt          |     7 |     2 ||     9
       Punch             |     2 |       ||     2
Throw: Boomerang         |    30 |       ||    30
Invok: Berserk           |       |     1 ||     1
  Use: Scroll            |     2 |       ||     2
Armor: Animal skin       |     3 |       ||     3
       Plate armour      |    21 |     2 ||    23
Dodge: Dodged            |    37 |     5 ||    42

Table legend:
 A = Non-vault XP
 B = Vault XP
 C = Vault XP percentage of total XP
 D = Non-vault monster count
 E = Vault monster count
 F = Vault count percentage of total count
                 A         B        C        D         E       F
            +---------+---------+-------+---------+---------+-------
      Total |     124 |      37 |  23.0 |      47 |      13 |  21.7
            +---------+---------+-------+---------+---------+-------
        D:1 |      57 |       0 |   0.0 |      31 |       0 |   0.0
        D:2 |      67 |      37 |  35.6 |      16 |      13 |  44.8
            +---------+---------+-------+---------+---------+-------
